 Dungeon Crawl Stone Soup version 0.29.1-1-gd02db6906a (webtiles) character file.

Game seed: 4143259745151337345

120 funkygono the Firebug (level 5, -1/29 HPs)
             Began as a Gargoyle Fire Elementalist on Sept 16, 2022.
             Killed by nerve-wracking pain
             ... invoked by Grinder
              (4 damage)
             ... on level 3 of the Dungeon.
             The game lasted 00:04:36 (2616 turns).

funkygono the Firebug (Gargoyle Fire Elementalist)  Turns: 2616, Time: 00:04:37

Health: -1/29      AC:  6    Str: 12    XL:     5   Next: 4%
Magic:  8/9        EV: 27    Int: 17    God:
Gold:   126        SH:  0    Dex: 10    Spells: 0/10 levels left

rFire   + . .      SeeInvis .   n - staff of fire
rCold   . . .      Faith    .   (no shield)
rNeg    + . .      Spirit   .   a - +0 robe
rPois   ∞          Reflect  .   (no helmet)
rElec   +          Harm     .   (no cloak)
rCorr   .          Rampage  .   (no gloves)
Will    .....                   (no boots)
Stlth   ++........              m - amulet of the acrobat
HPRegen 0.09/turn               (no ring)
MPRegen 0.11/turn               (no ring)

@: acrobatic
A: sickness immunity, AC +4, negative energy resistance 1, electricity
resistance, torment resistance 1, petrification resistance
a: no special abilities


You were on level 3 of the Dungeon.
You visited 1 branch of the dungeon, and saw 3 of its levels.

You collected 126 gold pieces.

Inventory:

Hand Weapons
 k - a +0 club
 r - a +0 mace
Armour
 a - a +0 robe (worn)
Magical Staves
 n - a staff of fire (weapon)
Jewellery
 m - an amulet of the acrobat (around neck)
Scrolls
 f - a scroll of summoning {unknown}
 g - 3 scrolls of identify {unknown}
 o - a scroll of fear {unknown}
 q - a scroll of enchant armour {unknown}
Potions
 b - a potion of magic
 c - a potion of curing {unknown}
 h - a potion of resistance {unknown}
 i - a potion of haste
 j - 2 potions of might {unknown}
 l - a potion of flight {unknown}
 p - 2 potions of lignification {unknown}


   Skills:
 + Level 1.0 Fighting
 + Level 1.8 Dodging
 - Level 2.1 Stealth
 + Level 3.2 Spellcasting
 + Level 2.4 Conjurations
 + Level 3.8 Fire Magic


You couldn't memorise any spells.
You knew the following spells:

 Your Spells              Type           Power      Damage    Failure   Level
a - Foxfire               Conj/Fire      80%        2x1d8     4%          1
b - Scorch                Fire           46%        2d7       5%          2
c - Conjure Flame         Conj/Fire      20%        6-21      14%         3
d - Flame Wave            Conj/Fire      20%        2d7       43%         4

Your spell library contained the following spells:

 Spells                   Type           Power      Damage    Failure   Level
 Beastly Appendage        Tmut           4%         N/A       17%         1
 Inner Flame              Hex/Fire       13%        N/A       24%         3
 Wereblood                Tmut           2%         N/A       26%         2
 Spider Form              Tmut/Pois      2%         N/A       45%         3


Dungeon Overview and Level Annotations

Branches:
Dungeon (3/15)

Altars:

Annotations:
D:3 Grinder


Innate Abilities, Weirdness & Mutations

You are immune to sickness and miasma.
Your stone body is resilient. (AC +4)
You are immune to poison.
You resist negative energy. (rN+)
You are resistant to electric shocks. (rElec)
You are resistant to unholy torment.
You are immune to petrification.


Message History

Grinder is moderately wounded.
Grinder hits you.
* * * LOW HITPOINT WARNING * * *
The foxfire hits Grinder.
Grinder is heavily wounded.
The foxfire hits Grinder!
Grinder is severely wounded.
Grinder gestures at you. You resist with significant effort.
A ball python comes into view.
Found a golden potion.
Found 18 gold pieces.
Casting: Foxfire (safe; 4% risk of failure)
Confirm with . or Enter, or press ? or * to list all spells.
You feel a surge of power!
You conjure some foxfire!
The ball python hisses angrily.
Your foxfire dissipates!
The foxfire hits the ball python.
You kill the ball python!
Grinder gestures at you.
You suddenly lose the ability to move!
Grinder gestures at you.
You shrug off the repeated paralysis!
Grinder blinks!
You can move again.
As you read the scroll labelled KIESKO TORE, it crumbles to dust.
You feel a surge of unholy energy.
It was a scroll of torment.
Grinder gestures at you.
You shrug off the repeated paralysis!
As you read the scroll labelled FOCEUGGEFF, it crumbles to dust.
The scroll dissolves into smoke.
It was a scroll of fog.
You hear the rusting of a drain nearby.
A bat comes into view.
Grinder gestures at you. Pain shoots through your body!
* * * LOW HITPOINT WARNING * * *
Found a scroll labelled WETAUJ CASY.
Grinder gestures at you. Pain shoots through your body!
You die...

#....... .#...#
##.§§§§§###.....
####..§§§§§§5..#.#.
..##.....§§§§§###.....
.....###.§5§§§........
.......§.§##§######... .
.#####§.§.§§...#..>#.
....###...#...§§########
.......@.##.....#
.........##.....#
.............$..#
...#.......###.## ?.
#.......# b# # #...+##+.
#... .. #..# ..


You could see Grinder.

Vanquished Creatures
  2 adders
  4 gnolls (D:3)
  2 worms (D:2)
  A dart slug (D:1)
  6 bats
  5 endoplasms
  2 giant cockroaches
  6 hobgoblins
  4 jackals (D:2)
  3 kobolds
  2 quokkas (D:2)
  8 ball pythons
  3 frilled lizards
  2 goblins (D:2)
  6 rats
56 creatures vanquished.

Vanquished Creatures (others)
  133 foxfires
  A plant (D:3)
134 creatures vanquished.

Grand Total: 190 creatures vanquished

Notes
Turn   | Place    | Note
-------+----------+-------------------------------------------
     0 | D:1      | funkygono the Gargoyle Fire Elementalist began the quest
                  | for the Orb.
     0 | D:1      | Reached XP level 1. HP: 10/10 MP: 3/3
   286 | D:1      | Reached XP level 2. HP: 15/15 MP: 3/5
   293 | D:1      | Learned a level 2 spell: Scorch
   846 | D:1      | Reached XP level 3. HP: 19/19 MP: 4/6
   850 | D:1      | Learned a level 3 spell: Conjure Flame
  1368 | D:2      | Found a faded altar of an unknown god.
  1738 | D:2      | Reached skill level 1 in Fighting
  1873 | D:2      | Reached XP level 4. HP: 25/25 MP: 5/8
  2550 | D:3      | Reached XP level 5. HP: 17/29 MP: 6/9
  2562 | D:3      | Learned a level 4 spell: Flame Wave
  2572 | D:3      | Noticed Grinder
  2574 | D:3      | Paralysed by Grinder for 3 turns
  2590 | D:3      | Paralysed by Grinder for 5 turns
  2603 | D:3      | Paralysed by Grinder for 5 turns
  2616 | D:3      | Killed from afar by Grinder

Illustrated notes

Levels and vault maps discovered:
D:1:      lemuel_arrival_broad_hall, layout_basic
D:2:      layout_loops_corners, hellmonk_ecumenical_altar_blasted
D:3:      layout_rooms, nicolae_wu_jian_immortal_techniques,
          gammafunk_ghost_grave, serial_bayou, serial_bayou_pond_d,
          serial_bayou_lagoon_a, serial_bayou_pond_e, serial_bayou_lagoon_b,
          gup_sewer_entry_bowl, uniq_grinder

Skill      XL: |  1  2  3  4 |
---------------+-------------+-----
Fighting       | 1 |  1.0
Spellcasting   | 3 |  3.2
Conjurations   | 2 |  2.4
Dodging        | |  1.8
Stealth        | |  2.1
Fire Magic     | |  3.8

Action                   |  1- 3 |  4- 6 || total
-------------------------+-------+-------++-------
Melee: Staff             |     2 |    13 ||    15
 Cast: Foxfire           |    53 |    22 ||    75
       Scorch            |     5 |     1 ||     6
  Use: Scroll            |       |     2 ||     2
 Stab: Sleeping          |       |     1 ||     1
Armor: Robe              |     2 |     3 ||     5
Dodge: Dodged            |    11 |    20 ||    31
